 Dungeon Crawl Stone Soup version 0.29-a0-598-gd8304a5bf4 (webtiles) character file.

Game seed: 5350773684363633195

2965 HoaS the Grappler (level 9, -1/88 HPs)
             Began as a Troll Gladiator on June 15, 2022.
             Killed from afar by a steam dragon (13 damage)
             ... with a ball of steam
             ... on level 8 of the Dungeon.
             The game lasted 00:12:27 (4907 turns).

HoaS the Grappler (Troll Gladiator)                 Turns: 4907, Time: 00:12:28

Health: -1/88      AC: 14    Str: 24    XL:     9   Next: 52%
Magic:  8/8        EV:  8    Int:  4    God:
Gold:   250        SH:  5    Dex: 15    Spells: 8/8 levels left

rFire   . . .      SeeInvis .     - Unarmed
rCold   . . .      Faith    .   (no shield)
rNeg    . . .      Spirit   .   l - +1 storm dragon scales "Anakeoz" {Rampage rElec}
rPois   .          Reflect  +   b - +0 hat
rElec   +          Harm     .   (no cloak)
rCorr   .          Rampage  +   (gloves unavailable)
Will    .....                   (boots unavailable)
Stlth   ..........              j - amulet of reflection
HPRegen 1.04/turn               (no ring)
MPRegen 0.11/turn               (no ring)

@: no status effects
A: large, unfitting armour, claws 3, regeneration 1, shaggy fur 1, tough skin 1
a: no special abilities


You were on level 8 of the Dungeon.
You visited 2 branches of the dungeon, and saw 9 of its levels.

You collected 358 gold pieces.
You spent 108 gold pieces at shops.

Inventory:

Missiles
 c - 4 throwing nets
 d - a large rock
 n - 13 poisoned darts (quivered)
 s - 6 curare-tipped darts
Armour
 b - a +0 hat (worn)
 l - the +1 storm dragon scales "Anakeoz" (worn) {Rampage rElec}
   (You acquired it on level 5 of the Dungeon)

   rElec:     It insulates you from electricity.
   Rampage:   It bestows one free step when moving towards enemies.
Jewellery
 j - an amulet of reflection (around neck)
 q - a ring of ice
Wands
 m - a wand of charming (2)
 o - a wand of flame (4)
 y - a wand of polymorph (6)
Scrolls
 f - a scroll of poison
 t - 4 scrolls of magic mapping
 u - a scroll of fog
 v - a scroll of fear
 x - a scroll of teleportation
Potions
 a - a potion of mutation
 e - 3 potions of lignification
 g - 3 potions of flight
 h - 3 potions of might
 i - 8 potions of curing
 k - 2 potions of cancellation
 p - a potion of resistance {unknown}
 r - a potion of brilliance {unknown}
 w - a potion of heal wounds


   Skills:
 * Level 5.6 Fighting
 - Level 3.0 Throwing
 * Level 2.9 Armour
 - Level 6.0 Dodging
 * Level 8.9 Unarmed Combat


You had 8 spell levels left.
You didn't know any spells.
Your spell library contained the following spells:

 Spells                   Type           Power      Damage    Failure   Level
 Fulminant Prism          Conj/Hex       0%         3d6       100%        4
 Iskenderun's Mystic Bla  Conj/Tloc      0%         2d3       100%        4
 Lee's Rapid Deconstruct  Erth           0%         3d5*      100%        5


Dungeon Overview and Level Annotations

Branches:
Dungeon (8/15)             Temple (1/1) D:6
   Lair: D:8-11

Altars:
Ashenzari
Dithmenos
Elyvilon
Fedhas
Gozag
Hepliaklqana
Makhleb
Ru
Sif Muna
Trog
Uskayaw
Vehumet
Wu Jian
Xom
Zin
The Shining One
Lugonu

Shops:
D:5 *[*:   D:6 *   D:8 (

Annotations:
D:8 3 runed translucent doors


Innate Abilities, Weirdness & Mutations

You are too large for most types of armour.
You have claws for hands.
Your natural rate of healing is unusually fast.
You are covered in fur. (AC +1)
You have tough skin. (AC +1)


Message History

The gnoll sergeant hits you but does no damage.
The kobold hits you but does no damage.
The kobold brigand hits you but does no damage.
You scratch the gnoll.
The gnoll is lightly wounded.
You feel sick.
You are no longer poisoned.
The gnoll hits you but does no damage. The gnoll sergeant closely misses you.
The kobold brigand hits you with a +0 whip.
The kobold hits you but does no damage.
You closely miss the gnoll.
The gnoll is lightly wounded.
The gnoll closely misses you. The kobold hits you but does no damage.
You block the kobold brigand's attack. The gnoll hits you with a +0 whip.
The gnoll sergeant hits you but does no damage.
You closely miss the gnoll.
The gnoll is lightly wounded.
You claw the gnoll!
You kill the gnoll!
Your surroundings suddenly seem different. 2 orcs, an orc priest and a steam dragon come into view.
Found 18 gold pieces.
The orc shouts! x2; The orc priest shouts!
The steam dragon hisses angrily.
The orc priest invokes the aid of Beogh against you.
Beogh smites you!
* * * LOW HITPOINT WARNING * * *
The steam dragon breathes steam at you. The ball of steam hits you!
* * * LOW HITPOINT WARNING * * *
You hear a howl! x2
You scratch the steam dragon.
The steam dragon is lightly wounded.
The steam dragon bites you but does no damage.
The steam dragon barely misses you.
The orc priest looks encouraged for a moment.
You mangle the steam dragon!!
The steam dragon is almost dead.
The steam dragon breathes steam at you. The ball of steam hits you!
You die...

#........#
#........#
#........#
#........#
#........#
#.....o..#
#....o$o.#
#....D...#
#...§@...#
....§§§.....#
#####§#######
#. #. #
########
...gK..#
...gK)g#


You could see a steam dragon (catching breath), an orc priest and 2 orcs.

Vanquished Creatures
  Prince Ribbit (D:5)
  Grinder (D:5)
  Sigmund (D:5)
  Eustachio (D:6)
  2 water moccasins
  A black bear (D:6)
  An ice beast (D:5)
  6 ogres
  A centaur (D:6)
  3 kobold brigands (D:5)
  A bullfrog (D:5)
  A gnoll sergeant (D:7)
  2 scorpions
  A wight (D:5)
  A howler monkey (D:5)
  3 jellies
  An orc priest (D:6)
  A gnoll shaman (D:6)
  3 hounds
  6 iguanas
  Ijyb (D:4)
  2 orc wizards (D:6)
  14 gnolls
  7 adders
  3 white imps
  A dart slug (D:2)
  9 orcs
  5 ball pythons
  7 endoplasms
  4 giant cockroaches (D:1)
  5 goblins
  5 hobgoblins
  16 kobolds
  3 quokkas
  3 bats (D:1)
  3 frilled lizards
  7 rats
133 creatures vanquished.

Notes
Turn   | Place    | Note
-------+----------+-------------------------------------------
     0 | D:1      | HoaS the Troll Gladiator began the quest for the Orb.
     0 | D:1      | Reached XP level 1. HP: 19/19 MP: 0/0
    77 | D:1      | Reached XP level 2. HP: 23/27 MP: 1/1
   157 | D:1      | Found a faded altar of an unknown god.
   194 | D:1      | Reached skill level 4 in Unarmed Combat
  1135 | D:2      | Reached XP level 3. HP: 33/33 MP: 2/2
  1340 | D:2      | Found an opulent altar of Gozag.
  1941 | D:3      | Reached skill level 5 in Unarmed Combat
  1941 | D:3      | Reached XP level 4. HP: 41/41 MP: 3/3
  1948 | D:3      | Found a white marble altar of Elyvilon.
  2200 | D:3      | Found a bloodstained altar of Trog.
  2492 | D:3      | Found a glowing golden altar of the Shining One.
  2677 | D:4      | Found an ornate altar of the Wu Jian Council.
  2680 | D:4      | Found a shadowy altar of Dithmenos.
  2700 | D:4      | Reached XP level 5. HP: 48/48 MP: 4/4
  2704 | D:4      | Noticed Ijyb
  2720 | D:4      | Killed Ijyb
  2721 | D:4      | Reached skill level 6 in Unarmed Combat
  3084 | D:5      | Entered Level 5 of the Dungeon
  3084 | D:5      | Found Apovuyp Eha's Antique Armour Shop.
  3127 | D:5      | Reached XP level 6. HP: 29/57 MP: 5/5
  3296 | D:5      | Noticed Sigmund
  3308 | D:5      | Killed Sigmund
  3309 | D:5      | Reached XP level 7. HP: 66/66 MP: 6/6
  3384 | D:5      | Found Tisiupo's Assorted Antiques.
  3414 | D:5      | Reached skill level 7 in Unarmed Combat
  3541 | D:5      | Found a shimmering blue altar of Sif Muna.
  3601 | D:5      | Found Hogyaj's General Store.
  3618 | D:5      | Identified a scroll of acquirement
  3618 | D:5      | Acquired the +1 storm dragon scales "Anakeoz" {Rampage
                  | rElec}
  3656 | D:5      | Noticed Prince Ribbit
  3661 | D:5      | Killed Prince Ribbit
  3662 | D:5      | Reached XP level 8. HP: 78/78 MP: 7/7
  3666 | D:5      | Noticed Grinder
  3667 | D:5      | Paralysed by Grinder for 5 turns
  3677 | D:5      | Killed Grinder
  3710 | D:5      | Found Esyud's Book Emporium.
  3737 | D:5      | Reached skill level 8 in Unarmed Combat
  3874 | D:6      | Found Dufribox's Assorted Antiques.
  3874 | D:6      | Noticed Eustachio
  3879 | D:6      | Reached skill level 5 in Dodging
  3910 | D:6      | Killed Eustachio
  3921 | D:6      | Bought a potion of curing for 54 gold pieces
  3921 | D:6      | Bought a potion of curing for 54 gold pieces
  3934 | D:6      | Found an opulent altar of Gozag.
  3960 | D:6      | Reached skill level 1 in Armour
  4008 | D:6      | Reached skill level 5 in Fighting
  4038 | D:6      | Reached XP level 9. HP: 88/88 MP: 8/8
  4334 | D:6      | Found a broken altar of Ashenzari.
  4503 | D:6      | Found a staircase to the Ecumenical Temple.
  4512 | Temple   | Entered the Ecumenical Temple
  4770 | D:7      | Found a glowing silver altar of Zin.
  4792 | D:7      | Found a shimmering altar of Xom.
  4848 | D:7      | Noticed a skeletal warrior
  4848 | D:7      | Noticed a skeletal warrior
  4863 | D:8      | Found a runed translucent gate.
  4864 | D:8      | Found a runed translucent gate.
  4865 | D:8      | Found a runed translucent gate.
  4865 | D:8      | Noticed a red ugly thing
  4868 | D:8      | Noticed a red ugly thing
  4870 | D:8      | Noticed a glowing orange brain
  4870 | D:8      | Noticed a white ugly thing
  4878 | D:8      | Found Zamposocw's Antique Weapon Boutique.
  4907 | D:8      | Killed from afar by a steam dragon

Illustrated notes

Levels and vault maps discovered:
D:1:      eino_arrival_water_cross, layout_basic, ebering_ecumenical_altar_webs,
          minmay_vboxes
D:2:      layout_loops_cross, basic_altar
D:3:      layout_basic, tso_oasis_becter, amcnicky_altar_gilded,
          mainiacjoe_overflow_small_starburst
D:4:      layout_basic, nicolae_overflow_squiral,
          amcnicky_mini_corridor_feature, uniq_ijyb
D:5:      cheibrodos_thug_alley, layout_cave_pools,
          mainiacjoe_overflow_boulevard, serial_shops,
          nicolae_shop_hallway_plus, nicolae_stop_n_shop_2, shop_statue,
          nicolae_shop_trees, uniq_prince_ribbit1, uniq_sigmund, uniq_grinder
D:6:      layout_basic, cheibrodos_ashenzari_chains, kennysheep_little_box,
          minmay_temple_entry_purple_smoke, serial_shops, nicolae_diamond_shop,
          chequers_serial_rivers_micro_e, minmay_fractal_squares_5,
          uniq_eustachio
D:7:      layout_cave_pools, xom_teletrap_fun, kennysheep_mini,
          mainiacjoe_overflow_two_lobes, nicolae_qazlal_scattered_showers,
          kennysheep_potato
D:8:      layout_basic, serial_shops, nicolae_shop_trees,
          ploomutoo_gammafunk_ghost_potion_laboratory
Temple:   corrupted_temple

Skill      XL: |  1  2  3  4  5  6  7  8  9 |
---------------+----------------------------+-----
Unarmed Combat | 4 5 6 7 8 |  8.9
Fighting       | 2 4 5 |  5.6
Throwing       | 2 3 |  3.0
Dodging        | 3 4 5 6 |  6.0
Armour         | 1 2 |  2.9

Action                   |  1- 3 |  4- 6 |  7- 9 || total
-------------------------+-------+-------+-------++-------
Melee: Unarmed           |   115 |    83 |   183 ||   381
       Punch             |     1 |       |     6 ||     7
Throw: Dart              |       |    10 |     1 ||    11
  Use: Scroll            |     6 |     5 |     7 ||    18
       Potion            |       |     1 |       ||     1
 Stab: Sleeping          |     1 |       |       ||     1
Armor: Robe              |    29 |     8 |     4 ||    41
       Storm dragon scal |       |       |   111 ||   111
Dodge: Dodged            |    39 |    32 |    57 ||   128
Block: Other             |     4 |    14 |    46 ||    64
       Reflection        |       |     2 |     3 ||     5

Table legend: (Time is in decaauts)
 A = Elapsed time spent in this place.
 B = Non-inter-level travel time spent in this place.
 C = Inter-level travel time spent in this place.
 D = Time resting spent in this place.
 E = Time spent auto-exploring this place.
 F = Levels seen in this place.
 G = Mean time per level.
                   A        B        C        D        E       F      G
               +--------+--------+--------+--------+--------+-----+--------+
         Total |   4858 |   4654 |    204 |    294 |   3383 |   9 |  539.8 |
       Dungeon |   4808 |   4617 |    191 |    294 |   3352 |   8 |  601.0 |
        Temple |     49 |     36 |     13 |      0 |     31 |   1 |   49.0 |
               +--------+--------+--------+--------+--------+-----+--------+

Top non-repeatable levels by time:
     D:3: 899 daAuts
     D:1: 879 daAuts
     D:6: 833 daAuts
     D:5: 751 daAuts
     D:2: 719 daAuts
     D:4: 569 daAuts
     D:7: 114 daAuts
  Temple: 49 daAuts
     D:8: 41 daAuts
